 Dungeon Crawl Stone Soup version 0.28.0-53-g5a82cb258f (webtiles) character file.

Game seed: 3042456402257678603

1 DildoBatman the Conjurer (level 1, 0/10 (13) HPs)
             Began as a Formicid Conjurer on July 3, 2022.
             Hit by a stone thrown by a kobold (1 damage)
             ... on level 1 of the Dungeon.
             The game lasted 00:00:24 (215 turns).

DildoBatman the Conjurer (Formicid Conjurer)         Turns: 215, Time: 00:00:25

HP:   0/10 (13)     AC:  2    Str: 11    XL:     1   Next: 22%
MP:   0/3           EV: 12    Int: 17    God:
Gold: 0             SH:  0    Dex:  9    Spells: 3/4 levels left

rFire   . . .      SeeInvis +   b - +1 dagger (speed)
rCold   . . .      Faith    .   (no shield)
rNeg    . . .      Spirit   .   a - +0 robe
rPois   .          Reflect  .   (helmet unavailable)
rElec   .          Harm     .   (no cloak)
rCorr   .          Rampage  .   (no gloves)
Will    .....                   (no boots)
Stlth   ++........              (no amulet)
HPRegen 0.03/turn               (no ring)
MPRegen 0.08/turn               (no ring)

@: heavily drained
A: permanent stasis, dig shafts and tunnels, antennae 3, four strong arms
a: Dig, Shaft Self


You were on level 1 of the Dungeon.
You visited 1 branch of the dungeon, and saw 1 of its levels.

Inventory:

Hand Weapons
 b - a +1 dagger of speed (weapon)
Missiles
 c - 20 stones
Armour
 a - a +0 robe (worn)


   Skills:
 - Level 1.7 Dodging
 - Level 2.4 Stealth
 - Level 2.1 Spellcasting
 * Level 3.6 Conjurations


You had 3 spell levels left.
You knew the following spells:

 Your Spells              Type           Power      Damage    Failure   Level
c - Magic Dart            Conj           56%        1d5       4%          1

Your spell library contained the following spells:

 Spells                   Type           Power      Damage    Failure   Level
 Searing Ray              Conj           28%        2d5       6%          2
 Dazzling Flash           Conj/Hex       16%        N/A       26%         3
 Fulminant Prism          Conj/Hex       4%         3d6       65%         4
 Iskenderun's Mystic Bla  Conj/Tloc      8%         2d4       65%         4


Dungeon Overview and Level Annotations

Branches:
Dungeon (1/15)

Altars:


Innate Abilities, Weirdness & Mutations

You cannot be hasted, slowed, berserked, paralysed or teleported.
You can dig through walls and to a lower floor.
You have a pair of large antennae on your head. (SInv)
Your four strong arms can wield two-handed weapons with a shield.


Message History

There is an open door here.
There is a stone staircase leading down here.
You sense a monster nearby.
A kobold comes into view. It is wielding a +2 dagger of draining.
The kobold shouts!
You hear an angry hiss.
The kobold throws a stone.
The stone closely misses you.
The kobold hits you with a +2 dagger of draining.
You feel drained.
Casting: Magic Dart (safe; 4% risk of failure)
Confirm with . or Enter, or press ? or * to list all spells.
Aiming: Magic Dart (safe; 4% risk of failure)
Press: ? - help, Shift-Dir - straight line, f - kobold
Aim: a kobold, wielding a +2 dagger of draining and quivering stones (100% to hit)
The magic dart hits the kobold but does no damage.
The kobold hits you with a +2 dagger of draining.
You feel drained.
A frilled lizard comes into view.
Casting: Magic Dart (safe; 4% risk of failure)
Confirm with . or Enter, or press ? or * to list all spells.
Aiming: Magic Dart (safe; 4% risk of failure)
Press: ? - help, Shift-Dir - straight line, f/p - kobold
Aim: a kobold, wielding a +2 dagger of draining and quivering stones (100% to hit)
The magic dart hits the kobold but does no damage.
The kobold barely misses you.
Casting: Magic Dart (safe; 4% risk of failure)
Confirm with . or Enter, or press ? or * to list all spells.
Aiming: Magic Dart (safe; 4% risk of failure)
Press: ? - help, Shift-Dir - straight line, f/p - kobold
Aim: a kobold, wielding a +2 dagger of draining and quivering stones (100% to hit)
The magic dart hits the kobold.
The kobold is severely wounded.
The kobold hits you with a +2 dagger of draining.
You feel drained.
The kobold throws a stone.
The stone misses you.
The kobold throws a stone.
The stone hits you.
You die...

#.# #.##
########l.##.#
#..........#.#
####..........#.#
#..........K..#.#
#.....####....#.#
#.....# #......#
#.....# #..@...#
#.....# #......#
#.....# #....#.#
####### ######>#
###'######
#........#
#........#
#........#
#........#


You could see a kobold and a frilled lizard.

Vanquished Creatures
  A bat (D:1)
  A rat (D:1)
2 creatures vanquished.

Notes
Turn   | Place    | Note
-------+----------+-------------------------------------------
     0 | D:1      | DildoBatman the Formicid Conjurer began the quest for the
                  | Orb.
     0 | D:1      | Reached XP level 1. HP: 13/13 MP: 3/3
   215 | D:1      | Hit by a stone thrown by a kobold

Illustrated notes

Levels and vault maps discovered:
D:1:      psy_arrival_conway, layout_basic, ebering_ecumenical_altar_rust,
          minmay_strange_pillars

Action                   || total
-------------------------++-------
Melee: Dagger            ||     3
 Cast: Magic Dart        ||     4
 Stab: Sleeping          ||     1
Dodge: Dodged            ||     7
